 Dungeon Crawl Stone Soup version 0.28-a0-1167-g616b1c6417 (webtiles) character file.

Game seed: 9580311417544629521

1918 Peloso the Carver (level 8, -3/63 HPs)
             Began as a Minotaur Fighter on Dec 16, 2021.
             Was a Priest of Okawaru.
             Slain by a gnoll (8 damage)
             ... on level 7 of the Dungeon.
             The game lasted 00:07:49 (7006 turns).

Peloso the Carver (Minotaur Fighter)                Turns: 7006, Time: 00:07:50

Health: -3/63      AC: 13    Str: 21    XL:     8   Next: 95%
Magic:  7/7        EV:  8    Int:  7    God:    Okawaru [***...]
Gold:   474        SH:  6    Dex: 18    Spells: 7/7 levels left

rFire   . . .      SeeInvis .   a - +0 long sword
rCold   . . .      Faith    +   c - +0 buckler
rNeg    . . .      Spirit   .   A - +0 plate armour
rPois   .          Reflect  .   (helmet restricted)
rElec   .          Harm     .   (no cloak)
rCorr   .          Rampage  .   (no gloves)
Will    .....                   (no boots)
Stlth   ..........              f - amulet of faith
HPRegen 0.20/turn               w - +6 ring of dexterity
MPRegen 0.10/turn               (no ring)

@: brilliant
A: horns 2, retaliatory headbutt, clever 1, frail 1, sturdy frame 1
a: Renounce Religion, Heroism


You were on level 7 of the Dungeon.
You worshipped Okawaru.
Okawaru was most pleased with you.
You visited 1 branch of the dungeon, and saw 7 of its levels.

You collected 474 gold pieces.

Inventory:

Hand Weapons
 a - a +0 long sword (weapon)
Armour
 b - a +0 scale mail
 c - a +0 buckler (worn)
 z - a +0 chain mail
 A - a +0 plate armour (worn)
Jewellery
 f - an amulet of faith (around neck)
 g - a ring of magical power
 j - a ring of wizardry
 w - a +6 ring of dexterity (left hand)
 y - a ring of fire
Wands
 p - a wand of flame (19)
 s - a wand of iceblast (5)
Scrolls
 e - 4 scrolls of amnesia
 k - a scroll of acquirement
 l - 2 scrolls of identify
 m - 2 scrolls of magic mapping
 n - 4 scrolls of teleportation {unknown}
 q - a scroll of blinking {unknown}
 u - 2 scrolls of enchant armour {unknown}
 v - 2 scrolls of vulnerability {unknown}
Potions
 d - 2 potions of might
 h - a potion of brilliance
 i - a potion of degeneration {unknown}
 o - a potion of curing {unknown}
 r - a potion of attraction {unknown}
 t - a potion of lignification {unknown}
 x - a potion of magic {unknown}
 B - a potion of mutation
 C - a potion of flight {unknown}


   Skills:
 + Level 6.3 Fighting
 + Level 9.7 Long Blades
 + Level 7.6 Armour
 + Level 2.1 Dodging
 + Level 1.3 Stealth
 + Level 5.9 Shields


You had 7 spell levels left.
You didn't know any spells.
Your spell library contained the following spells:

 Spells                   Type           Power      Damage    Failure   Level
 Portal Projectile        Hex/Tloc       0%         N/A       100%        3
 Leda's Liquefaction      Hex/Erth       0%         N/A       100%        4
 Call Canine Familiar     Summ           Unusable   N/A       N/A         3

Dungeon Overview and Level Annotations

Branches:
Dungeon (7/15)             Temple (0/1) D:5

Altars:
Ashenzari
Dithmenos
Okawaru
Sif Muna
Wu Jian
The Shining One


Innate Abilities, Weirdness & Mutations

You have a pair of horns on your head.
You reflexively headbutt those who attack you in melee.
Your mind is acute. (Int +2)
You are frail. (-10% HP)
Your movements are slightly less encumbered by armour. (ER -2)


Message History

A gnoll shaman comes into view. It is wielding a +0 whip.
The necrophage hits you but does no damage.
You slash the centaur!
You kill the centaur!
Okawaru accepts your kill. Okawaru grants you ammunition!
Something appears at your feet! The gnoll barely misses you.
You block the necrophage's attack.
Your plate armour prevents you from hitting the necrophage.
You hit the necrophage. You headbutt the necrophage.
The necrophage is moderately damaged.
The necrophage hits you but does no damage.
You hit the necrophage.
The necrophage is moderately damaged.
The necrophage barely misses you.
You hit the necrophage.
The necrophage is heavily damaged.
You block the necrophage's attack.
The gnoll shaman hits you with a +0 whip!
You slash the necrophage!
The necrophage is almost destroyed.
The gnoll barely misses you. You block the necrophage's attack.
The gnoll shaman hits you with a +0 whip.
* * * LOW HITPOINT WARNING * * *
You barely miss the necrophage.
The necrophage is almost destroyed.
The gnoll hits you from afar with a +0 halberd!
* * * LOW HITPOINT WARNING * * *
The necrophage barely misses you.
It was a potion of mutation.
You feel extremely strange.
You feel less encumbered by your armour.
You feel clever.
You feel frail.
The gnoll shaman hits you with a +0 whip.
* * * LOW HITPOINT WARNING * * *
The gnoll barely misses you. The necrophage misses you.
It was a potion of brilliance.
You feel clever all of a sudden. The gnoll shaman closely misses you.
The gnoll hits you from afar with a +0 halberd!
You die...

#.##.###.###........#
..................#######
#.##.###.........[.......
#........................
..<.).(..########.#######
########## ♣..♣ ♣♣.♣.♣ ♣
♣n♣♣♣♣ ♣.♣@♣ ♣..g♣♣
###♣g♣ ♣...♣ ..♣♣♣.. ♣..
..♣ ♣. .♣ .♣ ♣. ## ##


You could see a necrophage, a gnoll shaman and a gnoll.

Vanquished Creatures
  A water moccasin (D:5)
  An ice beast (D:7)
  An orc warrior (D:7)
  A sky beast (D:5)
  2 necrophages
  2 ogres
  A centaur (D:7)
  2 bullfrogs (D:7)
  A scorpion (D:5)
  A howler monkey (D:7)
  A bullfrog zombie (D:6)
  4 hounds
  2 jellies
  3 bullfrog skeletons
  A gnoll shaman (D:7)
  3 centaur skeletons
  An orc priest (D:6)
  Ijyb (D:3)
  3 orc wizards
  4 iguanas
  A howler monkey zombie (D:5)
  5 adders
  6 gnolls
  A howler monkey skeleton (D:4)
  A shadow imp (D:5)
  A white imp (D:7)
  An adder skeleton (D:4)
  3 worms
  3 dart slugs
  10 orcs
  8 ball pythons
  6 bats
  8 endoplasms
  5 giant cockroaches
  6 goblins
  10 hobgoblins
  2 jackals (D:4)
  12 kobolds
  2 quokkas
  A frilled lizard (D:3)
  3 rats
131 creatures vanquished.

Vanquished Creatures (others)
  8 plants (D:7)
8 creatures vanquished.

Grand Total: 139 creatures vanquished

Notes
Turn   | Place    | Note
-------+----------+-------------------------------------------
     0 | D:1      | Peloso the Minotaur Fighter began the quest for the Orb.
     0 | D:1      | Reached XP level 1. HP: 19/19 MP: 0/0
   223 | D:1      | Reached XP level 2. HP: 19/27 MP: 1/1
  1181 | D:2      | Reached XP level 3. HP: 33/33 MP: 2/2
  1292 | D:2      | Reached skill level 3 in Long Blades
  1980 | D:2      | Found a faded altar of an unknown god.
  2135 | D:3      | Reached XP level 4. HP: 38/40 MP: 3/3
  2369 | D:3      | Found an ornate altar of the Wu Jian Council.
  2479 | D:3      | Noticed Ijyb
  2493 | D:3      | Killed Ijyb
  2494 | D:3      | Reached skill level 1 in Dodging
  2795 | D:3      | Reached skill level 4 in Long Blades
  2933 | D:3      | Found a glowing golden altar of the Shining One.
  3196 | D:4      | Reached XP level 5. HP: 47/47 MP: 4/4
  3584 | D:4      | Found a shadowy altar of Dithmenos.
  3612 | D:4      | Found an iron altar of Okawaru.
  3646 | D:4      | Became a worshipper of Warmaster Okawaru
  3869 | D:4      | Reached XP level 6. HP: 52/53 MP: 5/5
  4041 | D:4      | Reached skill level 5 in Long Blades
  4137 | D:4      | Reached skill level 5 in Armour
  4859 | D:5      | Entered Level 5 of the Dungeon
  4868 | D:5      | Found a staircase to the Ecumenical Temple.
  4956 | D:5      | Reached skill level 5 in Shields
  4975 | D:5      | Identified a scroll of acquirement
  5051 | D:5      | Reached XP level 7. HP: 55/60 MP: 6/6
  5125 | D:5      | Reached skill level 5 in Fighting
  5125 | D:5      | Reached skill level 6 in Long Blades
  5264 | D:5      | Found a broken altar of Ashenzari.
  5276 | D:5      | Reached * piety under Okawaru
  5277 | D:5      | Reached skill level 1 in Stealth
  5480 | D:5      | Found a shimmering blue altar of Sif Muna.
  5534 | D:5      | Reached skill level 7 in Long Blades
  5671 | D:5      | Reached XP level 8. HP: 53/69 MP: 7/7
  6427 | D:6      | Reached skill level 8 in Long Blades
  6429 | D:6      | Reached ** piety under Okawaru
  6965 | D:7      | Reached skill level 9 in Long Blades
  6990 | D:7      | Reached *** piety under Okawaru
  6998 | D:7      | Received a gift from Okawaru
  7005 | D:7      | Gained mutation: Your movements are slightly less
                  | encumbered by armour. (ER -2) [potion of mutation]
  7005 | D:7      | Gained mutation: Your mind is acute. (Int +2) [potion of
                  | mutation]
  7005 | D:7      | Gained mutation: You are frail. (-10% HP) [potion of
                  | mutation]
  7006 | D:7      | Slain by a gnoll

Illustrated notes

Levels and vault maps discovered:
D:1:      co_arrival_hexagon_in_a_hexagon, layout_loops_ring
D:2:      layout_loops_ring, shapermc_ecumenical_altar_mp_vishouse,
          minmay_door_square, minmay_tromino_mix6
D:3:      layout_loops_ring, mainiacjoe_overflow_six_doors_small,
          nicolae_wu_jian_wuxing_cycle, minmay_fractal_squares_gapless_5,
          uniq_ijyb
D:4:      layout_basic, jmf_multi_god_temple, hex_medium, columned_hall_lemuel
D:5:      layout_rooms, mainiacjoe_overflow_brackets,
          nicolae_overflow_crystal_walls, minmay_temple_entry_hall,
          grunt_decor_junction
D:6:      layout_cave_pods, serial_column_ruins, column_ruins_square_small,
          column_ruins_open_small, column_ruins_grid_1,
          column_ruins_open_tiny_water, column_ruins_open_tiny_water,
          column_ruins_open_tiny
D:7:      nzn_winding_woodlands_three_and_one
          [nzn_winding_woodlands_5x15_jagged, nzn_winding_woodlands_5x15_zeroes,
          nzn_winding_woodlands_5x15_longhouse,
          nzn_winding_woodlands_center_garden], layout_basic,
          minmay_shop_grid_forest

Skill      XL: |  1  2  3  4  5  6  7  8 |
---------------+-------------------------+-----
Shields        | 4 5 |  5.9
Fighting       | 4 5 6 |  6.3
Long Blades    | 3 4 5 7 9 |  9.7
Armour         | 4 5 6 7 |  7.6
Dodging        | 1 2 |  2.1
Stealth        | 1 |  1.3

Action                   |  1- 3 |  4- 6 |  7- 9 || total
-------------------------+-------+-------+-------++-------
Melee: Long sword        |    82 |   141 |   162 ||   385
       Headbutt          |     9 |    32 |    36 ||    77
  Use: Scroll            |       |     3 |       ||     3
       Potion            |       |       |     2 ||     2
Armor: Scale mail        |    33 |    56 |       ||    89
       Chain mail        |       |     2 |    21 ||    23
       Plate armour      |       |       |    66 ||    66
Dodge: Dodged            |    31 |    47 |    53 ||   131
Block: Buckler           |    21 |    37 |    50 ||   108

Table legend: (Time is in decaauts)
 A = Elapsed time spent in this place.
 B = Non-inter-level travel time spent in this place.
 C = Inter-level travel time spent in this place.
 D = Time resting spent in this place.
 E = Time spent auto-exploring this place.
 F = Levels seen in this place.
 G = Mean time per level.
                   A        B        C        D        E       F      G
               +--------+--------+--------+--------+--------+-----+--------+
         Total |   7054 |   6876 |    178 |    146 |   5608 |   7 | 1007.7 |
       Dungeon |   7054 |   6876 |    178 |    146 |   5608 |   7 | 1007.7 |
               +--------+--------+--------+--------+--------+-----+--------+

Top non-repeatable levels by time:
     D:4: 1679 daAuts
     D:1: 1134 daAuts
     D:3: 1125 daAuts
     D:5: 999 daAuts
     D:2: 965 daAuts
     D:6: 949 daAuts
     D:7: 200 daAuts
